 Dungeon Crawl Stone Soup version 0.28.0-53-g5a82cb258f (webtiles) character file.

Game seed: 5123848246121759664

224 H0rd4k the Charlatan (level 6, 0/44 HPs)
             Began as a Human Artificer on May 25, 2022.
             Succumbed to an adder's poison
             ... on level 5 of the Dungeon.
             The game lasted 00:04:27 (3338 turns).

H0rd4k the Charlatan (Human Artificer)              Turns: 3338, Time: 00:04:29

Health: 0/44       AC:  3    Str: 13    XL:     6   Next: 20%
Magic:  6/6        EV: 12    Int: 13    God:
Gold:   132        SH:  0    Dex: 13    Spells: 5/5 levels left

rFire   . . .      SeeInvis .   l - +0 falchion
rCold   . . .      Faith    .   (no shield)
rNeg    . . .      Spirit   .   b - +0 leather armour
rPois   .          Reflect  .   (no helmet)
rElec   .          Harm     .   (no cloak)
rCorr   .          Rampage  .   (no gloves)
Will    .....                   (no boots)
Stlth   +.........              (no amulet)
HPRegen 0.14/turn               (no ring)
MPRegen 0.10/turn               (no ring)

@: mighty, lethally poisoned (0 -> -2)
A: no striking features
a: no special abilities


You were on level 5 of the Dungeon.
You visited 1 branch of the dungeon, and saw 7 of its levels.

You collected 132 gold pieces.

Inventory:

Hand Weapons
 l - a +0 falchion (weapon)
 n - a +0 rapier
Missiles
 c - 6 atropa-tipped darts
Armour
 b - a +0 leather armour (worn)
Magical Staves
 p - a staff of cold
Wands
 d - a wand of charming (8)
Scrolls
 a - a scroll of amnesia {unknown}
 g - 2 scrolls of magic mapping {unknown}
 h - a scroll of blinking {unknown}
 m - a scroll of summoning {unknown}
 o - a scroll of teleportation {unknown}
Potions
 i - a potion of resistance {unknown}
 j - a potion of magic {unknown}
 k - a potion of curing {unknown}
Miscellaneous
 e - a piece from Xom's chessboard (15/15)


   Skills:
 + Level 2.1 Fighting
 + Level 1.6 Long Blades
 + Level 2.4 Maces & Flails
 - Level 2.0 Armour
 + Level 2.4 Dodging
 - Level 1.2 Stealth
 + Level 4.3 Evocations


You had 5 spell levels left.
You didn't know any spells.
Your spell library contained the following spells:

 Spells                   Type           Power      Damage    Failure   Level
 Sandblast                Erth           0%         2d4       36%         1
 Passwall                 Tmut/Erth      0%         N/A       52%         2
 Gell's Gravitas          Tloc           0%         N/A       75%         3
 Stone Arrow              Conj/Erth      0%         3d7       75%         3
 Teleport Other           Tloc           0%         N/A       75%         3
 Dispersal                Tloc           0%         N/A       100%        6


Dungeon Overview and Level Annotations

Branches:
Dungeon (7/15)
 Temple: D:4-7

Altars:
Okawaru
Yredelemnul

Annotations:
D:2 Terence
D:4 Blork the orc
D:6 exclusion: downstairs
D:7 Maggie, Pikel


Message History

The ufetubus closely misses you. The ufetubus barely misses you. x2
The ufetubus hits you.
You closely miss the ufetubus.
The ufetubus is severely wounded.
The ufetubus hits you.
The ufetubus hits you but does no damage.
The ufetubus misses you. The ufetubus closely misses you.
You hit the ufetubus.
The ufetubus is almost dead.
The ufetubus hits you.
* * * LOW HITPOINT WARNING * * *
The ufetubus hits you but does no damage.
You hit the ufetubus.
You kill the ufetubus!
The adder bites you but does no damage.
You miss the adder. Your punch misses the adder.
The adder closely misses you. x2
You miss the adder. The adder bites you.
* * * LOW HITPOINT WARNING * * *
You barely miss the adder. The adder bites you.
* * * LOW HITPOINT WARNING * * *
The adder bites you but does no damage.
You closely miss the adder. The adder closely misses you.
You barely miss the adder. The adder barely misses you. The adder bites you.
* * * LOW HITPOINT WARNING * * *
You hit the adder.
The adder is moderately wounded.
The adder bites you but does no damage. x2
You completely miss the adder.
The adder is moderately wounded.
The adder bites you.
* * * LOW HITPOINT WARNING * * *
You are poisoned.
The adder poisons you!
You miss the adder.
The adder is moderately wounded.
You feel sick. The adder closely misses you. The adder bites you.
* * * LOW HITPOINT WARNING * * *
It was a potion of might.
You feel very mighty all of a sudden.
You die...

........<..#
#..........#
#...S$.....#
#..........#
#..........#
###.# #h..#
#S### #@#
#.# #...#
#...###
#..#.. .. #.
.. .. #..


You could see an adder and a jackal.

Vanquished Creatures
  A centaur skeleton (D:5)
  Natasha (D:3)
  6 adders
  2 ufetubi
  A worm (D:2)
  A dart slug (D:4)
  An orc (D:4)
  3 ball pythons
  4 endoplasms
  A giant cockroach (D:1)
  6 hobgoblins
  2 jackals (D:5)
  3 quokkas
  3 bats (D:1)
  2 frilled lizards
  4 goblins (D:1)
  2 kobolds (D:1)
  4 rats
47 creatures vanquished.

Vanquished Creatures (collateral kills)
  A wight (D:7)
  An adder (D:4)
  2 orcs (D:7)
  A giant cockroach (D:2)
  A hobgoblin (D:2)
  2 ball pythons (D:2)
8 creatures vanquished.

Vanquished Creatures (others)
  A wight (D:7)
1 creature vanquished.

Grand Total: 56 creatures vanquished

Notes
Turn   | Place    | Note
-------+----------+-------------------------------------------
     0 | D:1      | H0rd4k the Human Artificer began the quest for the Orb.
     0 | D:1      | Reached XP level 1. HP: 15/15 MP: 1/1
   348 | D:1      | Reached XP level 2. HP: 19/21 MP: 2/2
   899 | D:1      | Found a faded altar of an unknown god.
  1196 | D:2      | Reached XP level 3. HP: 26/26 MP: 3/3
  1207 | D:2      | Noticed Terence
  1747 | D:2      | Reached skill level 1 in Maces & Flails
  1753 | D:2      | Reached XP level 4. HP: 32/32 MP: 4/4
  2259 | D:3      | Found an iron altar of Okawaru.
  2301 | D:3      | Noticed Natasha
  2344 | D:3      | Killed Natasha
  2345 | D:3      | Reached skill level 4 in Evocations
  2371 | D:3      | Reached XP level 5. HP: 37/37 MP: 5/5
  2770 | D:4      | Noticed Blork the orc
  2807 | D:4      | You fall into a shaft and drop 3 floors!
  2937 | D:7      | Noticed a bullfrog
  2976 | D:7      | Noticed a lemure
  2977 | D:7      | Noticed Pikel
  2978 | D:7      | Noticed a lemure
  2987 | D:7      | Noticed Maggie
  3014 | D:7      | Reached skill level 1 in Long Blades
  3017 | D:7      | Noticed a black bear
  3062 | D:6      | Found a basalt altar of Yredelemnul.
  3083 | D:5      | Entered Level 5 of the Dungeon
  3103 | D:5      | Reached XP level 6. HP: 17/44 MP: 6/6
  3337 | D:5      | HP: 1/44 [adder (4)]
  3338 | D:5      | Succumbed to an adder's poison

Illustrated notes

Levels and vault maps discovered:
D:1:      wander_arrival_chamber, layout_basic,
          shapermc_ecumenical_altar_acropolis
D:2:      layout_loops_ring, uniq_terence
D:3:      layout_basic, okawaru_ov_weapons_minmay, serial_park_tiny_1,
          uniq_natasha
D:4:      layout_loops_cross, makhleb_heckhound_becter, old_standard_altar,
          nicolae_zen_rock_garden, uniq_blork_the_orc
D:5:      layout_rooms, minmay_temple_entry_antechambers
D:6:      layout_gridville, nicolae_qazlal_scattered_showers,
          overflow_temple_1_default, kennysheep_mini_moat
D:7:      layout_rooms, chequers_serial_rivers_marsh, uniq_maggie, uniq_pikel

Skill      XL: |  1  2  3  4  5 |
---------------+----------------+-----
Maces & Flails | 1 2 |  2.4
Dodging        | 2 |  2.4
Evocations     | 4 |  4.3
Long Blades    | 1 |  1.6
Fighting       | 2 |  2.1
Armour         | |  2.0
Stealth        | |  1.2

Action                   |  1- 3 |  4- 6 || total
-------------------------+-------+-------++-------
Melee: Club              |   106 |    28 ||   134
       Punch             |     2 |       ||     2
       Falchion          |       |    79 ||    79
Evoke: Wand              |     8 |    14 ||    22
  Use: Potion            |       |     1 ||     1
 Stab: Sleeping          |     2 |       ||     2
Armor: Leather armour    |    38 |    33 ||    71
Dodge: Dodged            |    81 |   101 ||   182
